 Dungeon Crawl Stone Soup version 0.29-a0-271-gd4eb659eea (webtiles) character file.

Game seed: 15626054771977739541

8785 HotDog the Basher (level 11, -4/68 HPs)
             Began as a Gargoyle Fighter on Mar 8, 2022.
             Was a Believer of the Shining One.
             Killed from afar by an efreet (14 damage)
             ... with a fireball
             ... on level 9 of the Dungeon.
             The game lasted 00:16:25 (16242 turns).

HotDog the Basher (Gargoyle Fighter)               Turns: 16242, Time: 00:16:25

Health: -4/68      AC: 25    Str: 24    XL:     11   Next: 36%
Magic:  15/15      EV: 10    Int:  9    God:    the Shining One [**....]
Gold:   409        SH:  7    Dex: 15    Spells: 10/10 levels left

rFire   + . .      SeeInvis .   k - +4 flail (protect)
rCold   . . .      Faith    .   c - +1 buckler
rNeg    + + .      Spirit   .   h - +0 chain mail
rPois   ∞          Reflect  .   (no helmet)
rElec   +          Harm     .   m - +0 cloak
rCorr   .          Rampage  .   w - +0 pair of gloves
Will    .....                   t - +2 pair of boots of Ofew {+Inv}
Stlth   ..........              (no amulet)
HPRegen 0.21/turn               l - ring of protection from fire
MPRegen 0.14/turn               C - +6 ring of dexterity

@: glowing, unable to read
A: sickness immunity, AC +8, negative energy resistance 1, electricity
resistance, torment resistance 1, petrification resistance, inability to read
while threatened
a: Renounce Religion, Evoke Invisibility, Divine Shield


You were on level 9 of the Dungeon.
You worshipped the Shining One.
The Shining One was pleased with you.
You visited 2 branches of the dungeon, and saw 10 of its levels.
You visited the Abyss 1 time.

You collected 409 gold pieces.

Inventory:

Hand Weapons
 k - a +4 flail of protection (weapon)
 D - the +8 mace of the Tomato {venom, Drain rElec rPois rC++}
   (You found it on level 8 of the Dungeon)

   It poisons the flesh of those it strikes.
   rC:        It greatly protects you from cold.
   rElec:     It insulates you from electricity.
   rPois:     It protects you from poison.
   Drain:     It drains your maximum health when unequipped.
Armour
 c - a +1 buckler (worn)
 h - a +0 chain mail (worn)
 m - a +0 cloak (worn)
 t - the +2 pair of boots of Ofew (worn) {+Inv}
   (You found it on level 6 of the Dungeon)

   +Inv:      It lets you turn invisible.
 w - a +0 pair of gloves (worn)
Jewellery
 f - a ring of ice
 l - a ring of protection from fire (left hand)
 C - a +6 ring of dexterity (right hand)
 F - an amulet of faith
Wands
 e - a wand of polymorph (3)
 q - a wand of iceblast (19)
 s - a wand of flame (14)
 z - a wand of acid (10)
 B - a wand of paralysis (3)
 E - a wand of digging (7)
Scrolls
 b - 5 scrolls of fog {unknown}
 d - a scroll of immolation {unknown}
 i - 5 scrolls of teleportation
 j - a scroll of noise
 p - 2 scrolls of magic mapping {unknown}
 r - 5 scrolls of identify
 x - a scroll of summoning {unknown}
 y - a scroll of blinking {unknown}
 A - a scroll of holy word {unknown}
 H - 2 scrolls of amnesia {unknown}
Potions
 a - a potion of magic {unknown}
 g - a potion of curing
 o - a potion of attraction {unknown}
 u - a potion of brilliance {unknown}
 v - a potion of haste {unknown}
 G - a potion of berserk rage {unknown}


   Skills:
 * Level 7.7 Fighting
 * Level 10.7 Maces & Flails
 * Level 8.8 Armour
 * Level 4.4 Dodging
 * Level 7.4 Shields
 + Level 0.8 Unarmed Combat
 * Level 5.9 Invocations


You had 10 spell levels left.
You didn't know any spells.
Your spell library contained the following spells:

 Spells                   Type           Power      Damage    Failure   Level
 Apportation              Tloc           0%         N/A       96%         1
 Shock                    Conj/Air       0%         1d3       96%         1
 Slow                     Hex            0%         N/A       96%         1
 Blink                    Tloc           0%         N/A       99%         2
 Confusing Touch          Hex            0%         N/A       100%        3
 Lesser Beckoning         Tloc           0%         N/A       100%        3
 Swiftness                Air            0%         N/A       100%        3
 Vampiric Draining        Necr           0%         2d6       100%        3
 Airstrike                Air            0%         N/A       100%        4
 Alistair's Intoxication  Tmut/Pois      0%         N/A       100%        5
 Manifold Assault         Tloc           0%         N/A       100%        5


Dungeon Overview and Level Annotations

Branches:
Dungeon (9/15)             Temple (1/1) D:4
   Lair: D:8-11         Orc: D:9-12

Altars:
Ashenzari
Cheibriados
Dithmenos
Elyvilon
Gozag
Hepliaklqana
Kikubaaqudgha
Makhleb
Nemelex Xobeh
Okawaru
Qazlal
Sif Muna
Trog
Uskayaw
Vehumet
Yredelemnul
Zin
The Shining One

Shops:
D:4 =   D:6 *   D:7 =


Innate Abilities, Weirdness & Mutations

You are immune to sickness and miasma.
Your stone body is resilient. (AC +8)
You are immune to poison.
You resist negative energy. (rN+)
You are resistant to electric shocks. (rElec)
You are resistant to unholy torment.
You are immune to petrification.
You sometimes lose the ability to read scrolls when taking damage.


Message History

The tengu warrior hits you with a +3 great mace of protection.
* * * LOW HITPOINT WARNING * * *
The tengu warrior closely misses you.
The tengu warrior claws you but does no damage.
A battlesphere comes into view.
The tengu conjurer attacks as you move away!
The tengu conjurer closely misses you. You block the tengu conjurer's attack.
The tengu conjurer misses you.
The tengu conjurer attacks as you move away!
The tengu conjurer closely misses you. The tengu conjurer barely misses you.
The tengu conjurer claws you but does no damage.
You can read scrolls again.
The tengu conjurer hits you but does no damage.
You block the tengu conjurer's attack.
The tengu conjurer claws you but does no damage.
The deep elf pyromancer casts a spell.
The tengu conjurer hits you but does no damage.
You block the tengu conjurer's attack. The tengu conjurer claws you.
* * * LOW HITPOINT WARNING * * *
You completely miss the tengu conjurer.
The deep elf pyromancer casts a spell.
You block the tengu conjurer's attack. x3
As you read the scroll of fear, it crumbles to dust.
You assume a fearsome visage.
The deep elf pyromancer looks frightened!
The tengu warrior looks frightened!
The battlesphere is unaffected.
The tengu conjurer looks frightened!
The fire elemental is unaffected. x3
The deep elf pyromancer casts a spell.
The deep elf pyromancer blinks!
The tengu conjurer casts a spell.
The tengu conjurer blinks!
The fire elemental hits you. The fire elemental burns you! You resist.
* * * LOW HITPOINT WARNING * * *
The tengu conjurer is engulfed in blazing flames.
The tengu conjurer mumbles some strange words.
The tengu conjurer blinks!
The efreet gestures at you.
The fireball explodes!
The fireball engulfs you! You resist.
You feel threatened and lose the ability to read scrolls!
You die...

####################
#.*@§E°.............
#QR##..E............
#○R##...°°○○........
#°°##..E☼☼○.........
#.○......§....####..
#..○................
#.###....#.#'#######
#.# #......#☼☼......
#.###.######.)......


You could see a tengu warrior (fleeing), 2 efreet, 3 fire elementals and a
battlesphere.

Vanquished Creatures
  A boulder beetle (D:7)
  Erica (D:8)
  A mana viper (Abyss:3)
  Maggie (D:7)
  Psyche (D:8)
  2 hornets (D:9)
  Grinder (D:6)
  Sigmund (D:4)
  A shadow (D:6)
  Eustachio (D:4)
  Grum (D:8)
  8 yaks
  2 steam dragons (D:8)
  Edmund (D:4)
  Duvessa (D:5)
  2 sky beasts (D:5)
  3 ice beasts (D:6)
  2 orc warriors
  3 black bears
  An ogre (D:6)
  3 wolves (D:8)
  A centaur (D:9)
  2 phantoms (D:5)
  2 kobold brigands
  7 bullfrogs
  2 gnoll sergeants
  2 necrophages (D:5)
  A scorpion (D:6)
  9 wights
  Dowan (D:5)
  6 killer bees (D:9)
  3 jellies
  4 hounds
  Crazy Yiuf (D:5)
  A gnoll shaman (D:4)
  7 orc priests
  3 iguanas
  Ijyb (D:4)
  7 orc wizards
  14 gnolls
  8 adders
  A shadow imp (D:7)
  A white imp (D:7)
  2 dart slugs
  A worm (D:2)
  36 orcs
  14 endoplasms
  3 giant cockroaches
  6 goblins
  3 hobgoblins
  3 jackals (D:2)
  5 quokkas
  8 ball pythons
  5 bats
  6 frilled lizards
  20 kobolds
  10 rats
  2 bushes (D:3)
246 creatures vanquished.

Vanquished Creatures (others)
  A howler monkey (D:9)
1 creature vanquished.

Grand Total: 247 creatures vanquished

Notes
Turn   | Place    | Note
-------+----------+-------------------------------------------
     0 | D:1      | HotDog the Gargoyle Fighter began the quest for the Orb.
     0 | D:1      | Reached XP level 1. HP: 14/14 MP: 1/1
   416 | D:1      | Reached XP level 2. HP: 19/19 MP: 2/2
   508 | D:1      | Found a faded altar of an unknown god.
   761 | D:1      | Reached XP level 3. HP: 11/23 MP: 3/3
  1584 | D:2      | Reached skill level 1 in Invocations
  1594 | D:2      | Reached skill level 3 in Maces & Flails
  1768 | D:2      | Reached XP level 4. HP: 28/28 MP: 4/4
  3285 | D:4      | Noticed a gnoll sergeant
  3457 | D:3      | Killed a gnoll sergeant
  3458 | D:3      | Reached XP level 5. HP: 14/33 MP: 4/6
  3931 | D:4      | Reached skill level 1 in Dodging
  4363 | D:4      | Reached skill level 4 in Maces & Flails
  4553 | D:4      | Noticed Eustachio
  4972 | D:4      | Killed Eustachio
  4973 | D:4      | Reached XP level 6. HP: 22/38 MP: 7/7
  5277 | D:4      | Noticed Sigmund
  5286 | D:4      | Reached XP level 7. HP: 26/43 MP: 8/8
  5293 | D:4      | Gained mutation: You do not regenerate when monsters are
                  | visible. [potion of mutation]
  5293 | D:4      | Lost mutation: You do not regenerate when monsters are
                  | visible. [potion of mutation]
  5293 | D:4      | Gained mutation: You sometimes lose the ability to read
                  | scrolls when taking damage. [potion of mutation]
  5329 | D:4      | Killed Sigmund
  5330 | D:4      | Reached skill level 5 in Armour
  5544 | D:4      | Noticed Ijyb
  5567 | D:4      | Killed Ijyb
  5644 | D:4      | Found a staircase to the Ecumenical Temple.
  5685 | Temple   | Entered the Ecumenical Temple
  5769 | Temple   | Became a worshipper of the Shining One
  6011 | D:4      | Found Ufoor's Jewellery Shoppe.
  6183 | D:5      | Entered Level 5 of the Dungeon
  6481 | D:5      | Reached skill level 5 in Maces & Flails
  6481 | D:5      | Noticed Edmund
  6872 | D:5      | Reached XP level 8. HP: 47/48 MP: 10/10
  7489 | D:4      | Killed Edmund
  7982 | D:5      | Reached skill level 5 in Shields
  8359 | D:5      | Reached * piety under the Shining One
  8561 | D:5      | Noticed Dowan
  8570 | D:5      | Killed Dowan
  8576 | D:5      | Noticed Duvessa
  8586 | D:5      | Killed Duvessa
  8587 | D:5      | Reached skill level 5 in Fighting
  8587 | D:5      | Reached skill level 6 in Maces & Flails
  8826 | D:5      | Found a runed translucent door.
  8925 | D:5      | Noticed Crazy Yiuf
  8934 | D:5      | Killed Crazy Yiuf
  9122 | D:6      | Found Moysiane's General Store.
  9133 | D:5      | Reached XP level 9. HP: 19/54 MP: 11/11
  9946 | D:6      | Identified the +2 pair of boots of Ofew {+Inv}
  9990 | D:6      | Reached skill level 7 in Maces & Flails
 10158 | D:6      | Noticed Grinder
 10627 | D:6      | Paralysed by Grinder for 3 turns
 10639 | D:6      | Killed Grinder
 11029 | D:6      | Reached skill level 8 in Maces & Flails
 11251 | D:7      | Found Pivut's Jewellery Emporium.
 11325 | D:7      | Noticed Maggie
 11349 | D:7      | Killed Maggie
 11350 | D:7      | Reached XP level 10. HP: 59/60 MP: 13/13
 11929 | D:8      | Noticed Erica
 11941 | D:8      | Killed Erica
 11942 | D:8      | Reached skill level 9 in Maces & Flails
 12091 | D:8      | Noticed Psyche
 12100 | D:8      | Cast into level 2 of the Abyss (Psyche)
 12164 | Abyss:3  | Found a shimmering altar of Xom.
 12276 | Abyss:3  | Noticed a mana viper
 12281 | Abyss:3  | Killed a mana viper
 12341 | D:8      | Escaped the Abyss
 12350 | D:8      | Killed Psyche
 12510 | D:7      | Noticed a boulder beetle
 12538 | D:7      | HP: 2/61 [boulder beetle (15)]
 12543 | D:7      | Killed a boulder beetle
 12544 | D:7      | Reached skill level 5 in Invocations
 13041 | D:7      | Paralysed by a wight for 4 turns
 13576 | D:8      | Found an opulent altar of Gozag.
 13940 | D:8      | Noticed Grum
 13958 | D:8      | Killed Grum
 13968 | D:8      | Identified the +8 mace of the Tomato {venom, Drain rElec
                  | rPois rC++}
 14023 | D:8      | Reached skill level 10 in Maces & Flails
 14028 | D:8      | Reached XP level 11. HP: 60/67 MP: 15/15
 14092 | D:8      | Found a shadowy altar of Dithmenos.
 14413 | D:8      | Found a snail-covered altar of Cheibriados.
 14868 | D:9      | Reached ** piety under the Shining One
 16181 | D:9      | Noticed a tengu warrior
 16182 | D:9      | Noticed a deep elf pyromancer
 16188 | D:9      | Noticed a wizard
 16242 | D:9      | Killed from afar by an efreet

Illustrated notes

Levels and vault maps discovered:
D:1:      onia_arrival_handbag, layout_rooms,
          ebering_ecumenical_altar_sacrificial
D:2:      layout_basic, serial_park_tiny_1
D:3:      layout_basic, minmay_hedge_maze, chequers_serial_rivers_micro_e
D:4:      layout_loops_corners, minmay_temple_entry_arrows, serial_shops,
          nicolae_shop_trees, uniq_sigmund, uniq_ijyb, uniq_eustachio
D:5:      layout_basic, corexii_corridor_pit, uniq_edmund,
          uniq_crazy_yiuf_cottage, uniq_duvessa
D:6:      layout_basic, serial_shops,
          nicolae_shop_temple_entry_statues_fountains, st_stairs_9, uniq_grinder
D:7:      layout_basic, serial_shops, nicolae_stop_n_shop_2, uniq_maggie
D:8:      layout_layer_cave, cheibriados_altar_1, mainiacjoe_overflow_alcove_2,
          kennysheep_little_box, kennysheep_nub, uniq_psyche, uniq_grum,
          uniq_erica
D:9:      minmay_blocky_corners, layout_stronghold,
          gammafunk_temple_overflow_arena
Temple:   eino_narrow_crystal_temple

Skill      XL: |  1  2  3  4  5  6  7  8  9 10 |
---------------+-------------------------------+-----
Invocations    | 1 2 3 4 5 |  5.9
Maces & Flails | 3 4 5 6 8 10 | 10.7
Armour         | 4 5 6 7 8 |  8.8
Dodging        | 1 2 3 4 |  4.4
Fighting       | 4 5 6 7 |  7.7
Shields        | 4 5 6 7 |  7.4
Unarmed Combat | |  0.8

Action                   |  1- 3 |  4- 6 |  7- 9 | 10-12 || total
-------------------------+-------+-------+-------+-------++-------
Melee: Flail             |   153 |   308 |   247 |   298 ||  1006
       Whip              |       |       |   107 |       ||   107
       Unarmed           |       |       |    20 |     8 ||    28
Invok: Divine Shield     |       |       |     3 |     5 ||     8
  Use: Scroll            |     1 |     4 |     1 |     2 ||     8
       Potion            |       |     1 |     7 |     5 ||    13
Armor: Scale mail        |    43 |       |       |       ||    43
       Chain mail        |    81 |   182 |   261 |   244 ||   768
       Skin              |       |       |    10 |     3 ||    13
Dodge: Dodged            |    80 |   104 |   123 |   175 ||   482
Block: Buckler           |    36 |    56 |   116 |   138 ||   346
       Other             |       |       |       |     5 ||     5

Table legend: (Time is in decaauts)
 A = Elapsed time spent in this place.
 B = Non-inter-level travel time spent in this place.
 C = Inter-level travel time spent in this place.
 D = Time resting spent in this place.
 E = Time spent auto-exploring this place.
 F = Levels seen in this place.
 G = Mean time per level.
                   A        B        C        D        E       F      G
               +--------+--------+--------+--------+--------+-----+--------+
         Total |  16385 |  15832 |    553 |   5309 |   7912 |  12 | 1365.4 |
       Dungeon |  16042 |  15523 |    519 |   5151 |   7856 |   9 | 1782.4 |
        Temple |    101 |     67 |     34 |      0 |     56 |   1 |  101.0 |
         Abyss |    240 |    240 |      0 |    158 |      0 |   2 |  120.0 |
               +--------+--------+--------+--------+--------+-----+--------+

Top non-repeatable levels by time:
     D:4: 2883 daAuts
     D:5: 2659 daAuts
     D:3: 2301 daAuts
     D:8: 1801 daAuts
     D:7: 1596 daAuts
     D:9: 1334 daAuts
     D:1: 1299 daAuts
     D:6: 1160 daAuts
     D:2: 1006 daAuts
 Abyss:3: 189 daAuts
  Temple: 101 daAuts
 Abyss:2: 50 daAuts
